Espoo Blues vs Santa Cruz Tiger Sharks
Created - Tuesday, April 25, 2023 at 07:00
Goals
|
| Espoo Blues |
2 |
0 |
0 |
2 |
| Santa Cruz Tiger Sharks |
0 |
1 |
2 |
3 |
|
Shots
|
| Espoo Blues |
12 |
5 |
14 |
31 |
| Santa Cruz Tiger Sharks |
11 |
9 |
13 |
33 |
|
1st period
1. Espoo Blues , Derick Brassard 26 (Stefan Noesen 32) at 11:44 (PP)
2. Espoo Blues , Stefan Noesen 25 (Derick Brassard 37) at 15:22 (PP)
Penalties :
Zach Sanford (SCS) for Fighting (Major) at 2:03, Derek Grant (ESP) for Fighting (Major) at 2:03, Kevin Rooney (SCS) for Hooking (Minor) at 11:35, Derick Brassard (ESP) for Holding (Minor) at 12:02, Kevin Rooney (SCS) for Hooking (Minor) at 15:04
2nd period
3. Santa Cruz Tiger Sharks , Jesper Boqvist 19 (Michael McLeod 30) at 18:06 (PP)
Penalties :
Kevin Rooney (SCS) for Fighting (Major) at 2:42, Stefan Noesen (ESP) for Fighting (Major) at 2:42, Kevin Rooney (SCS) for instigated a fight (Minor) at 2:42, Kevin Rooney (SCS) for instigated a fight (10 Minutes Misconduct) at 2:42, Stefan Noesen (ESP) for Hooking (Minor) at 18:04
3rd period
4. Santa Cruz Tiger Sharks , Jack Roslovic 22 (Kailer Yamamoto 25, David Gustafsson 9) at 10:19
5. Santa Cruz Tiger Sharks , Travis Boyd 19 (Michael McLeod 31, Jesper Boqvist 23) at 13:43 (PP)
Penalties :
Brendan Lemieux (ESP) for Roughing (Minor) at 1:43, Michael McLeod (SCS) for Holding (Minor) at 6:14, David Gustafsson (SCS) for Tripping (Minor) at 7:02, Gavin Bayreuther (ESP) for Tripping (Minor) at 13:14
Goalie Stats
Spencer Knight (ESP), 30 saves from 33 shots - (0.909), L, 15-5-2, 59:10 minutes
Carter Hart (SCS), 29 saves from 31 shots - (0.935), W, 13-5-2, 60:00 minutes
Players Stats for Espoo Blues
Player Name G A P +/- PIM S H SB GA TA FO MP PP MP PK MP
------------------------------------------------------------------------------------
Anton Blidh 0 0 0 0 0 1 1 0 0 1 0/1 13:20 0:27 0:00
Brendan Lemieux 0 0 0 -1 2 6 5 0 0 1 0/1 16:20 1:49 0:00
Cam York 0 0 0 -1 0 1 1 1 0 0 0/0 19:52 1:39 1:24
Chad Ruhwedel 0 0 0 -1 0 3 2 2 0 1 0/0 19:44 1:39 1:24
Derek Grant 0 0 0 -1 5 2 3 0 1 2 9/16 17:31 1:49 2:27
Derick Brassard 1 1 2 0 2 3 3 0 1 1 10/18 20:22 3:12 0:55
Fredrik Karlstrom 0 0 0 0 0 1 0 1 0 1 3/8 14:46 0:00 0:44
Gavin Bayreuther 0 0 0 0 2 0 0 0 0 0 0/0 13:11 0:00 0:00
Joe Snively 0 0 0 0 0 1 0 1 0 0 1/2 21:36 3:12 0:43
Logan O'Connor 0 0 0 -1 0 2 1 1 1 0 0/1 19:58 0:53 2:27
Mattias Janmark 0 0 0 0 0 0 0 0 1 0 0/0 2:46 0:12 1:42
Mattias Samuelsson 0 0 0 0 0 0 0 1 0 3 0/0 27:04 3:34 3:05
Michael Stone 0 0 0 0 0 0 0 1 0 3 0/0 26:56 3:34 3:05
Patric Hornqvist 0 0 0 0 0 4 2 1 1 0 0/0 14:44 2:01 0:00
Ridly Greig 0 0 0 0 0 0 0 0 1 0 0/0 7:36 0:00 0:00
Stefan Noesen 1 1 2 0 7 7 0 0 2 1 1/4 18:51 2:04 0:00
Urho Vaakanainen 0 0 0 0 0 0 2 0 0 0 0/0 13:12 0:00 0:00
Viktor Lodin 0 0 0 0 0 0 0 0 0 0 3/3 7:36 0:00 0:00
Players Stats for Santa Cruz Tiger Sharks
Player Name G A P +/- PIM S H SB GA TA FO MP PP MP PK MP
------------------------------------------------------------------------------------
Alexander Volkov 0 0 0 0 0 3 1 1 0 0 0/0 17:18 0:00 2:26
Austin Strand 0 0 0 0 0 1 3 3 0 2 0/0 23:56 2:16 3:06
Calle Rosen 0 0 0 1 0 1 0 0 0 0 0/0 21:29 2:13 2:07
David Gustafsson 0 1 1 1 2 0 3 0 1 1 3/6 14:02 0:02 1:21
Evgeny Svechnikov 0 0 0 0 0 2 3 0 0 1 0/0 8:47 0:02 0:00
Hunter Drew 0 0 0 0 0 1 3 0 0 0 0/0 14:35 0:00 0:00
Jack Roslovic 1 0 1 1 0 5 1 0 3 0 6/15 15:19 2:10 0:00
Jesper Boqvist 1 1 2 0 0 4 1 1 2 0 0/0 16:25 2:17 0:15
Kailer Yamamoto 0 1 1 1 0 2 1 0 2 0 1/2 15:19 2:10 0:00
Kevin Rooney 0 0 0 0 21 0 1 0 0 0 6/10 12:27 0:02 0:54
Kieffer Bellows 0 0 0 0 0 2 2 1 2 1 0/0 13:35 0:00 0:00
Michael McLeod 0 2 2 0 2 4 1 0 1 0 11/18 16:37 2:17 0:23
Sean Day 0 0 0 1 0 0 3 1 0 0 0/0 21:29 2:13 2:07
Steven Lorentz 0 0 0 0 0 0 1 2 1 0 0/0 10:53 0:00 1:53
Tobias Bjornfot 0 0 0 0 0 2 3 2 0 0 0/0 23:56 2:16 3:06
Travis Boyd 1 0 1 0 0 2 1 1 0 2 0/0 15:40 2:17 0:00
Wyatt Kalynuk 0 0 0 0 0 1 1 1 1 1 0/0 14:35 0:00 0:00
Zach Sanford 0 0 0 0 5 3 1 0 1 0 0/3 17:08 2:10 2:02
3 Stars
1 - Jesper Boqvist (SCS)
2 - Jack Roslovic (SCS)
3 - Derick Brassard (ESP)
Power Play
Espoo Blues - 2 on 5 Attempt(s) - 40.00%
Santa Cruz Tiger Sharks - 2 on 4 Attempt(s) - 50.00%
Penalty Kill
Espoo Blues - 2 on 4 Attempt(s) - 50.00%
- Score 0 goal in Penalty Kill
Santa Cruz Tiger Sharks - 3 on 5 Attempt(s) - 60.00%
- Score 0 goal in Penalty Kill
Team Stat
Espoo Blues - Hits : 20 - Faceoff Wins : 27 - Blocked Shots : 9 - Penalty Minutes : 18
Santa Cruz Tiger Sharks - Hits : 30 - Faceoff Wins : 27 - Blocked Shots : 13 - Penalty Minutes : 30
Official
Referees : Dan O'Halloran and Trevor Hanson
Linesman : Scott Cherrey and Steve Barton
Game Notes
Zach Sanford beats up Derek Grant at 2:03 of 1st period
Kevin Rooney and Stefan Noesen fight to a draw at 2:42 of 2nd period
Espoo Blues
5 vs 5 Forward
Center Left Wing Right Wing Time % Phy DF OF
1 Derick Brassard Joe Snively Logan O'Connor 37 1 1 2
2 Derek Grant Brendan Lemieux Stefan Noesen 36 1 2 2
3 Fredrik Karlstrom Anton Blidh Patric Hornqvist 22 1 2 2
4 Viktor Lodin Ridly Greig Stefan Noesen 5 1 2 2
5 vs 5 Defense
Defense Defense Time % Phy DF OF
1 Mattias Samuelsson Michael Stone 41 1 2 2
2 Chad Ruhwedel Cam York 32 1 2 2
3 Urho Vaakanainen Gavin Bayreuther 20 1 2 2
4 Mattias Samuelsson Cam York 7 1 2 2
PowerPlay Forward
Center Left Wing Right Wing Time % Phy DF OF
1 Derick Brassard Joe Snively Stefan Noesen 62 1 2 2
2 Derek Grant Brendan Lemieux Patric Hornqvist 38 1 2 2
PowerPlay Defense
Defense Defense Time % Phy DF OF
1 Mattias Samuelsson Michael Stone 60 1 2 2
2 Chad Ruhwedel Cam York 40 1 2 2
Penalty Kill 4 Players Forward
Center Wing Time % Phy DF OF
1 Derek Grant Logan O'Connor 60 1 2 2
2 Derick Brassard Mattias Janmark 40 1 2 2
Penalty Kill 4 Players Defense
Defense Defense Time % Phy DF OF
1 Mattias Samuelsson Michael Stone 60 1 2 2
2 Chad Ruhwedel Cam York 40 1 2 2
Penalty Kill - 3 Players Forward
Forward Time % Phy DF OF
1 Derek Grant 60 1 2 2
2 Derick Brassard 40 1 2 2
Penalty Kill - 3 Players Defense
Defense Defense Time % Phy DF OF
1 Mattias Samuelsson Michael Stone 60 1 2 2
2 Chad Ruhwedel Cam York 40 1 2 2
4 vs 4 Forward
Center Wing Time % Phy DF OF
1 Derek Grant Stefan Noesen 60 1 2 2
2 Derick Brassard Joe Snively 40 1 2 2
4 vs 4 Defense
Defense Defense Time % Phy DF OF
1 Mattias Samuelsson Michael Stone 60 1 2 2
2 Chad Ruhwedel Cam York 40 1 2 2
Last Minutes Offensive
Center Left Wing Right Wing Defense Defense
Derek Grant Joe Snively Stefan Noesen Mattias Samuelsson Michael Stone
Last Minutes Defensive
Center Left Wing Right Wing Defense Defense
Derek Grant Derick Brassard Logan O'Connor Mattias Samuelsson Michael Stone
Goaltenders
Starting : Spencer Knight
Backup : Stuart Skinner
Extra Forwards
Normal : Stefan Noesen, Joe Snively, Derick Brassard - PP : Stefan Noesen, Joe Snively - PK : Logan O'Connor
Extra Defensemen
Normal : Cam York, Mattias Samuelsson, Michael Stone - PP : Michael Stone - PK : Urho Vaakanainen, Gavin Bayreuther
Penalty Shots
Stefan Noesen, Patric Hornqvist, Joe Snively, Brendan Lemieux, Viktor Lodin
Santa Cruz Tiger Sharks
5 vs 5 Forward
Center Left Wing Right Wing Time % Phy DF OF
1 Jack Roslovic Zach Sanford Kailer Yamamoto 30 1 2 2
2 Michael McLeod Travis Boyd Jesper Boqvist 30 1 2 2
3 Kevin Rooney Kieffer Bellows Alexander Volkov 25 1 2 2
4 David Gustafsson Evgeny Svechnikov Steven Lorentz 15 1 2 2
5 vs 5 Defense
Defense Defense Time % Phy DF OF
1 Tobias Bjornfot Austin Strand 35 1 2 2
2 Calle Rosen Sean Day 35 1 2 2
3 Hunter Drew Wyatt Kalynuk 30 1 2 2
4 Tobias Bjornfot Austin Strand 0 1 2 2
PowerPlay Forward
Center Left Wing Right Wing Time % Phy DF OF
1 Jack Roslovic Zach Sanford Kailer Yamamoto 50 1 2 2
2 Michael McLeod Travis Boyd Jesper Boqvist 50 1 2 2
PowerPlay Defense
Defense Defense Time % Phy DF OF
1 Tobias Bjornfot Austin Strand 50 1 2 2
2 Calle Rosen Sean Day 50 1 2 2
Penalty Kill 4 Players Forward
Center Wing Time % Phy DF OF
1 Kevin Rooney Alexander Volkov 50 1 2 2
2 David Gustafsson Steven Lorentz 50 1 2 2
Penalty Kill 4 Players Defense
Defense Defense Time % Phy DF OF
1 Tobias Bjornfot Austin Strand 50 1 2 2
2 Calle Rosen Sean Day 50 1 2 2
Penalty Kill - 3 Players Forward
Forward Time % Phy DF OF
1 Kevin Rooney 50 1 2 2
2 David Gustafsson 50 1 2 2
Penalty Kill - 3 Players Defense
Defense Defense Time % Phy DF OF
1 Tobias Bjornfot Austin Strand 50 1 2 2
2 Calle Rosen Sean Day 50 1 2 2
4 vs 4 Forward
Center Wing Time % Phy DF OF
1 Jack Roslovic Kailer Yamamoto 50 1 2 2
2 Michael McLeod Zach Sanford 50 1 2 2
4 vs 4 Defense
Defense Defense Time % Phy DF OF
1 Tobias Bjornfot Austin Strand 50 1 2 2
2 Calle Rosen Sean Day 50 1 2 2
Last Minutes Offensive
Center Left Wing Right Wing Defense Defense
Jack Roslovic Zach Sanford Kailer Yamamoto Tobias Bjornfot Austin Strand
Last Minutes Defensive
Center Left Wing Right Wing Defense Defense
Kevin Rooney David Gustafsson Alexander Volkov Tobias Bjornfot Austin Strand
Goaltenders
Starting : Carter Hart
Backup : Mikhail Berdin
Extra Forwards
Normal : David Gustafsson, Kevin Rooney, Alexander Volkov - PP : David Gustafsson, Kevin Rooney - PK : Alexander Volkov
Extra Defensemen
Normal : Hunter Drew, Wyatt Kalynuk, Calle Rosen - PP : Hunter Drew - PK : Wyatt Kalynuk, Calle Rosen
Penalty Shots
Jack Roslovic, Kailer Yamamoto, Michael McLeod, Zach Sanford, Travis Boyd
% Time on Ice - Espoo Blues
Lines # - Real PCT - Wanted PCT - Time Play
Normal Forward
1 - 29% - 37% - 14:27
2 - 29% - 36% - 14:23
3 - 26% - 22% - 12:53
4 - 15% - 5% - 7:36
Normal Defense
1 - 39% - 41% - 19:18
2 - 33% - 32% - 16:12
3 - 27% - 20% - 13:12
4 - 1% - 7% - 0:37
PP Forward
1 - 65% - 62% - 3:24
2 - 35% - 38% - 1:49
PP Defense
1 - 68% - 60% - 3:34
2 - 32% - 40% - 1:39
PK Forward
1 - 84% - 60% - 3:46
2 - 16% - 40% - 0:43
PK Defense
1 - 69% - 60% - 3:05
2 - 31% - 40% - 1:24
PK3 Forward
1 - 0% - 60%
2 - 0% - 40%
PK3 Defense
1 - 0% - 60%
2 - 0% - 40%
44 Forward
1 - 0% - 60%
2 - 0% - 40%
44 Defense
1 - 0% - 60%
2 - 0% - 40%
Last Minute Offensive - 0:59
Last Minute Defensive - 0:00
Total
Forward - 60:00
Defense - 60:00
|
% Time on Ice - Santa Cruz Tiger Sharks
Lines # - Real PCT - Wanted PCT - Time Play
Normal Forward
1 - 27% - 30% - 13:24
2 - 28% - 30% - 13:53
3 - 28% - 25% - 13:35
4 - 17% - 15% - 8:30
Normal Defense
1 - 36% - 35% - 17:41
2 - 35% - 35% - 17:06
3 - 30% - 30% - 14:35
4 - 0% - 0% - 0:00
PP Forward
1 - 49% - 50% - 2:12
2 - 51% - 50% - 2:17
PP Defense
1 - 51% - 50% - 2:16
2 - 49% - 50% - 2:13
PK Forward
1 - 53% - 50% - 2:09
2 - 47% - 50% - 1:53
PK Defense
1 - 67% - 50% - 2:41
2 - 33% - 50% - 1:21
PK3 Forward
1 - 24% - 50% - 0:17
2 - 76% - 50% - 0:54
PK3 Defense
1 - 35% - 50% - 0:25
2 - 65% - 50% - 0:46
44 Forward
1 - 0% - 50%
2 - 0% - 50%
44 Defense
1 - 0% - 50%
2 - 0% - 50%
Last Minute Offensive - 0:00
Last Minute Defensive - 0:56
Total
Forward - 60:00
Defense - 60:00
|
Play-by-Play
1st period
0:01 of 1st period - Derick Brassard wins face-off versus Jack Roslovic in neutral zone.
0:40 of 1st period - Off-side.
0:41 of 1st period - Michael McLeod wins face-off versus Fredrik Karlstrom in neutral zone.
0:54 of 1st period - Snap shot by Travis Boyd.
0:54 of 1st period - Shot Blocked by Cam York.
0:56 of 1st period - Wrist shot by Jesper Boqvist.
0:56 of 1st period - Deflect By Michael McLeod.
0:56 of 1st period - Stopped by Spencer Knight without a rebound.
0:57 of 1st period - Derek Grant wins face-off versus David Gustafsson in Espoo Blues zone.
1:10 of 1st period - Slapshot by Brendan Lemieux.
1:10 of 1st period - Deflect By Evgeny Svechnikov.
1:10 of 1st period - Stopped by Carter Hart with a rebound.
1:12 of 1st period - Snap shot by Derek Grant.
1:12 of 1st period - Shot Blocked by Steven Lorentz.
1:45 of 1st period - Off-side.
1:46 of 1st period - Kevin Rooney wins face-off versus Fredrik Karlstrom in neutral zone.
2:00 of 1st period - Slapshot by Kevin Rooney.
2:00 of 1st period - Shot Blocked by Fredrik Karlstrom.
2:02 of 1st period - Wrist shot by Calle Rosen.
2:02 of 1st period - Stopped by Spencer Knight without a rebound.
2:03 of 1st period - Derek Grant wins face-off versus Kailer Yamamoto in Espoo Blues zone.
2:03 of 1st period - Zach Sanford beats up Derek Grant.
2:03 of 1st period - Penalty to Zach Sanford for Fighting.
2:03 of 1st period - Penalty to Derek Grant for Fighting.
2:04 of 1st period - Jack Roslovic wins face-off versus Joe Snively in Espoo Blues zone.
2:05 of 1st period - Slapshot by Kailer Yamamoto.
2:05 of 1st period - Stopped by Spencer Knight with a rebound.
2:19 of 1st period - Snap shot by Stefan Noesen.
2:19 of 1st period - Stopped by Carter Hart without a rebound.
2:20 of 1st period - Viktor Lodin wins face-off versus Michael McLeod in Santa Cruz Tiger Sharks zone.
2:47 of 1st period - Jack Roslovic is hit by Chad Ruhwedel and loses puck.
3:08 of 1st period - Snap shot by Anton Blidh.
3:08 of 1st period - Shot Misses the Net.
3:16 of 1st period - Chad Ruhwedel is hit by Alexander Volkov and loses puck.
3:45 of 1st period - Chad Ruhwedel is hit by Sean Day and loses puck.
3:58 of 1st period - Slapshot by Jack Roslovic.
3:58 of 1st period - Stopped by Spencer Knight with a rebound.
4:16 of 1st period - Snap shot by Stefan Noesen.
4:16 of 1st period - Stopped by Carter Hart with a rebound.
4:18 of 1st period - Slapshot by Mattias Samuelsson.
4:18 of 1st period - Shot Blocked by Austin Strand.
4:42 of 1st period - Wrist shot by David Gustafsson.
4:42 of 1st period - Shot Misses the Net.
4:48 of 1st period - Austin Strand is hit by Brendan Lemieux and loses puck.
5:09 of 1st period - Anton Blidh is hit by Tobias Bjornfot and loses puck.
5:22 of 1st period - Snap shot by Kailer Yamamoto.
5:22 of 1st period - Shot Blocked by Michael Stone.
6:48 of 1st period - Brendan Lemieux is hit by Michael McLeod and loses puck.
8:15 of 1st period - Wrist shot by Patric Hornqvist.
8:15 of 1st period - Stopped by Carter Hart with a rebound.
8:17 of 1st period - Slapshot by Chad Ruhwedel.
8:17 of 1st period - Stopped by Carter Hart with a rebound.
8:19 of 1st period - Snap shot by Fredrik Karlstrom.
8:19 of 1st period - Stopped by Carter Hart with a rebound.
8:46 of 1st period - Icing by Alexander Volkov.
8:47 of 1st period - Viktor Lodin wins face-off versus Michael McLeod in Santa Cruz Tiger Sharks zone.
8:52 of 1st period - Wrist shot by Stefan Noesen.
8:52 of 1st period - Stopped by Carter Hart with a rebound.
9:06 of 1st period - Wyatt Kalynuk is hit by Patric Hornqvist and loses puck.
10:19 of 1st period - Slapshot by Jack Roslovic.
10:19 of 1st period - Stopped by Spencer Knight with a rebound.
10:21 of 1st period - Snap shot by Kailer Yamamoto.
10:21 of 1st period - Shot Misses the Net.
10:23 of 1st period - Snap shot by Zach Sanford.
10:23 of 1st period - Stopped by Spencer Knight with a rebound.
11:03 of 1st period - Icing by Gavin Bayreuther.
11:04 of 1st period - Michael McLeod wins face-off versus Fredrik Karlstrom in Espoo Blues zone.
11:11 of 1st period - Snap shot by Travis Boyd.
11:11 of 1st period - Shot Blocked by Patric Hornqvist.
11:29 of 1st period - Backhand shot by Brendan Lemieux.
11:29 of 1st period - Stopped by Carter Hart with a rebound.
11:31 of 1st period - Wrist shot by Urho Vaakanainen.
11:31 of 1st period - Deflect By Stefan Noesen.
11:31 of 1st period - Stopped by Carter Hart without a rebound.
11:32 of 1st period - Kevin Rooney wins face-off versus Derek Grant in Santa Cruz Tiger Sharks zone.
11:32 of 1st period - Kevin Rooney is hit by Derek Grant.
11:35 of 1st period - Minor Penalty to Kevin Rooney for Hooking.
11:36 of 1st period - Derick Brassard wins face-off versus Zach Sanford in Santa Cruz Tiger Sharks zone.
11:44 of 1st period - Backhand shot by Derick Brassard.
11:44 of 1st period - Goal by Derick Brassard - Espoo Blues : 1 - Santa Cruz Tiger Sharks : 0.
11:45 of 1st period - Derick Brassard wins face-off versus Jack Roslovic in neutral zone.
11:52 of 1st period - Joe Snively is hit by Austin Strand and loses puck.
12:02 of 1st period - Minor Penalty to Derick Brassard for Holding.
12:03 of 1st period - Jack Roslovic wins face-off versus Derek Grant in Espoo Blues zone.
12:29 of 1st period - Derek Grant is hit by Jesper Boqvist and loses puck.
13:34 of 1st period - Joe Snively is hit by Tobias Bjornfot and loses puck.
14:02 of 1st period - Penalty to Derick Brassard is over, Derick Brassard is back on ice.
14:06 of 1st period - Cam York is hit by Evgeny Svechnikov and loses puck.
14:47 of 1st period - Chad Ruhwedel is hit by Hunter Drew and loses puck.
15:04 of 1st period - Minor Penalty to Kevin Rooney for Hooking.
15:05 of 1st period - David Gustafsson wins face-off versus Stefan Noesen in Santa Cruz Tiger Sharks zone.
15:14 of 1st period - Wrist shot by Joe Snively.
15:14 of 1st period - Stopped by Carter Hart without a rebound.
15:15 of 1st period - Derick Brassard wins face-off versus Zach Sanford in Santa Cruz Tiger Sharks zone.
15:22 of 1st period - Slapshot by Stefan Noesen.
15:22 of 1st period - Goal by Stefan Noesen - Espoo Blues : 2 - Santa Cruz Tiger Sharks : 0.
15:23 of 1st period - Michael McLeod wins face-off versus Derick Brassard in neutral zone.
15:26 of 1st period - Slapshot by Michael McLeod.
15:26 of 1st period - Stopped by Spencer Knight with a rebound.
15:28 of 1st period - Slapshot by Tobias Bjornfot.
15:28 of 1st period - Stopped by Spencer Knight without a rebound.
15:29 of 1st period - Michael McLeod wins face-off versus Derick Brassard in Espoo Blues zone.
15:40 of 1st period - Snap shot by Jesper Boqvist.
15:40 of 1st period - Stopped by Spencer Knight with a rebound.
15:42 of 1st period - Slapshot by Tobias Bjornfot.
15:42 of 1st period - Shot Blocked by Logan O'Connor.
15:44 of 1st period - Snap shot by Michael McLeod.
15:44 of 1st period - Shot Misses the Net.
16:00 of 1st period - Tobias Bjornfot is hit by Brendan Lemieux.
16:20 of 1st period - Wrist shot by Kevin Rooney.
16:20 of 1st period - Deflect By Alexander Volkov.
16:20 of 1st period - Stopped by Spencer Knight without a rebound.
16:21 of 1st period - Michael McLeod wins face-off versus Derick Brassard in Espoo Blues zone.
16:22 of 1st period - Snap shot by Jesper Boqvist.
16:22 of 1st period - Stopped by Spencer Knight with a rebound.
17:01 of 1st period - Stefan Noesen is hit by Kieffer Bellows and loses puck.
17:49 of 1st period - Snap shot by Derick Brassard.
17:49 of 1st period - Shot Blocked by Austin Strand.
18:01 of 1st period - Jack Roslovic is hit by Patric Hornqvist and loses puck.
19:12 of 1st period - Patric Hornqvist is hit by Jack Roslovic and loses puck.
Goals for this period are 2 for Espoo Blues vs 0 for Santa Cruz Tiger Sharks.
Shots for this period are 12 for Espoo Blues vs 11 for Santa Cruz Tiger Sharks.
2nd period
0:01 of 2nd period - Derick Brassard wins face-off versus Michael McLeod in neutral zone.
0:10 of 2nd period - Wrist shot by Logan O'Connor.
0:10 of 2nd period - Stopped by Carter Hart without a rebound.
0:11 of 2nd period - Jack Roslovic wins face-off versus Derick Brassard in Santa Cruz Tiger Sharks zone.
1:47 of 2nd period - Off-side.
1:48 of 2nd period - Fredrik Karlstrom wins face-off versus Jack Roslovic in neutral zone.
2:18 of 2nd period - Slapshot by Travis Boyd.
2:18 of 2nd period - Stopped by Spencer Knight with a rebound.
2:26 of 2nd period - Jesper Boqvist is hit by Logan O'Connor and loses puck.
2:42 of 2nd period - Kevin Rooney and Stefan Noesen fight to a draw.
2:42 of 2nd period - Penalty to Kevin Rooney for Fighting.
2:42 of 2nd period - Penalty to Stefan Noesen for Fighting.
2:42 of 2nd period - Penalty to Kevin Rooney for instigated a fight.
2:42 of 2nd period - Penalty to Kevin Rooney for instigated a fight.
2:43 of 2nd period - David Gustafsson wins face-off versus Derick Brassard in Espoo Blues zone.
2:54 of 2nd period - Slapshot by Logan O'Connor.
2:54 of 2nd period - Shot Blocked by Tobias Bjornfot.
2:56 of 2nd period - Backhand shot by Derick Brassard.
2:56 of 2nd period - Shot Misses the Net.
3:08 of 2nd period - Patric Hornqvist is hit by Austin Strand and loses puck.
4:42 of 2nd period - Penalty to Kevin Rooney is over, Michael McLeod is send on ice.
4:49 of 2nd period - Snap shot by Steven Lorentz.
4:49 of 2nd period - Shot Blocked by Chad Ruhwedel.
4:51 of 2nd period - Wrist shot by Michael McLeod.
4:51 of 2nd period - Shot Misses the Net.
4:53 of 2nd period - Slapshot by Wyatt Kalynuk.
4:53 of 2nd period - Deflect By Chad Ruhwedel.
4:53 of 2nd period - Stopped by Spencer Knight with a rebound.
4:55 of 2nd period - Slapshot by Hunter Drew.
4:55 of 2nd period - Deflect By Cam York.
4:55 of 2nd period - Stopped by Spencer Knight without a rebound.
4:56 of 2nd period - Michael McLeod wins face-off versus Brendan Lemieux in Espoo Blues zone.
4:57 of 2nd period - Wrist shot by Jesper Boqvist.
4:57 of 2nd period - Stopped by Spencer Knight with a rebound.
4:59 of 2nd period - Snap shot by Michael McLeod.
4:59 of 2nd period - Stopped by Spencer Knight without a rebound.
5:00 of 2nd period - Derek Grant wins face-off versus Michael McLeod in Espoo Blues zone.
5:20 of 2nd period - Snap shot by Kailer Yamamoto.
5:20 of 2nd period - Stopped by Spencer Knight without a rebound.
5:21 of 2nd period - Jack Roslovic wins face-off versus Fredrik Karlstrom in Espoo Blues zone.
6:17 of 2nd period - Wrist shot by Michael McLeod.
6:17 of 2nd period - Stopped by Spencer Knight without a rebound.
6:18 of 2nd period - Derek Grant wins face-off versus Jack Roslovic in Espoo Blues zone.
6:18 of 2nd period - Derek Grant is hit by Zach Sanford.
6:26 of 2nd period - Zach Sanford is hit by Derek Grant and loses puck.
6:45 of 2nd period - Sean Day is hit by Derick Brassard and loses puck.
7:00 of 2nd period - Derick Brassard is hit by Wyatt Kalynuk.
7:10 of 2nd period - Slapshot by Mattias Samuelsson.
7:10 of 2nd period - Shot Blocked by Wyatt Kalynuk.
7:36 of 2nd period - Snap shot by Jack Roslovic.
7:36 of 2nd period - Stopped by Spencer Knight with a rebound.
7:50 of 2nd period - Mattias Samuelsson is hit by Steven Lorentz and loses puck.
8:06 of 2nd period - Icing by Mattias Samuelsson.
8:07 of 2nd period - Derick Brassard wins face-off versus Zach Sanford in Espoo Blues zone.
8:30 of 2nd period - Slapshot by Derick Brassard.
8:30 of 2nd period - Shot Misses the Net.
9:32 of 2nd period - Icing by Michael McLeod.
9:33 of 2nd period - Stefan Noesen wins face-off versus Michael McLeod in Santa Cruz Tiger Sharks zone.
9:40 of 2nd period - Wrist shot by Joe Snively.
9:40 of 2nd period - Shot Blocked by Travis Boyd.
10:20 of 2nd period - Wrist shot by Brendan Lemieux.
10:20 of 2nd period - Shot Blocked by Tobias Bjornfot.
10:22 of 2nd period - Snap shot by Stefan Noesen.
10:22 of 2nd period - Stopped by Carter Hart with a rebound.
10:24 of 2nd period - Snap shot by Brendan Lemieux.
10:24 of 2nd period - Stopped by Carter Hart with a rebound.
10:52 of 2nd period - Cam York is hit by Hunter Drew.
11:02 of 2nd period - Wrist shot by Jesper Boqvist.
11:02 of 2nd period - Shot Blocked by Chad Ruhwedel.
11:12 of 2nd period - Stefan Noesen is hit by Kieffer Bellows and loses puck.
11:35 of 2nd period - Fredrik Karlstrom is hit by Evgeny Svechnikov and loses puck.
12:05 of 2nd period - Urho Vaakanainen is hit by Tobias Bjornfot and loses puck.
12:22 of 2nd period - Snap shot by Brendan Lemieux.
12:22 of 2nd period - Shot Blocked by Jesper Boqvist.
13:05 of 2nd period - Patric Hornqvist is hit by Evgeny Svechnikov.
13:15 of 2nd period - Ridly Greig is hit by Kailer Yamamoto and loses puck.
14:21 of 2nd period - Kieffer Bellows is hit by Urho Vaakanainen and loses puck.
14:51 of 2nd period - Brendan Lemieux is hit by Sean Day and loses puck.
15:16 of 2nd period - Michael Stone is hit by David Gustafsson.
15:30 of 2nd period - Viktor Lodin is hit by Travis Boyd and loses puck.
15:51 of 2nd period - Tobias Bjornfot is hit by Brendan Lemieux and loses puck.
16:14 of 2nd period - Chad Ruhwedel is hit by Hunter Drew and loses puck.
16:39 of 2nd period - Fredrik Karlstrom is hit by David Gustafsson and loses puck.
17:24 of 2nd period - Zach Sanford is hit by Urho Vaakanainen and loses puck.
17:42 of 2nd period - 10 Minutes Misconduct Penalty to Kevin Rooney is over.
17:43 of 2nd period - Anton Blidh is hit by David Gustafsson and loses puck.
18:04 of 2nd period - Minor Penalty to Stefan Noesen for Hooking.
18:05 of 2nd period - Michael McLeod wins face-off versus Logan O'Connor in Espoo Blues zone.
18:06 of 2nd period - Snap shot by Jesper Boqvist.
18:06 of 2nd period - Goal by Jesper Boqvist - Espoo Blues : 2 - Santa Cruz Tiger Sharks : 1.
18:07 of 2nd period - Derick Brassard wins face-off versus Jack Roslovic in neutral zone.
18:21 of 2nd period - Wrist shot by Derick Brassard.
18:21 of 2nd period - Stopped by Carter Hart with a rebound.
19:23 of 2nd period - Evgeny Svechnikov is hit by Derick Brassard and loses puck.
19:42 of 2nd period - Wrist shot by Evgeny Svechnikov.
19:42 of 2nd period - Shot Misses the Net.
19:48 of 2nd period - Slapshot by Cam York.
19:48 of 2nd period - Stopped by Carter Hart with a rebound.
Goals for this period are 0 for Espoo Blues vs 1 for Santa Cruz Tiger Sharks.
Shots for this period are 5 for Espoo Blues vs 9 for Santa Cruz Tiger Sharks.
3rd period
0:01 of 3rd period - Derick Brassard wins face-off versus Jack Roslovic in neutral zone.
1:08 of 3rd period - Wrist shot by Patric Hornqvist.
1:08 of 3rd period - Stopped by Carter Hart with a rebound.
1:10 of 3rd period - Slapshot by Chad Ruhwedel.
1:10 of 3rd period - Stopped by Carter Hart with a rebound.
1:12 of 3rd period - Snap shot by Fredrik Karlstrom.
1:12 of 3rd period - Deflect By Patric Hornqvist.
1:12 of 3rd period - Stopped by Carter Hart with a rebound.
1:14 of 3rd period - Slapshot by Chad Ruhwedel.
1:14 of 3rd period - Stopped by Carter Hart with a rebound.
1:16 of 3rd period - Snap shot by Patric Hornqvist.
1:16 of 3rd period - Shot Blocked by Sean Day.
1:18 of 3rd period - Slapshot by Cam York.
1:18 of 3rd period - Deflect By Patric Hornqvist.
1:18 of 3rd period - Shot Blocked by Steven Lorentz.
1:18 of 3rd period - Puck is out of play.
1:19 of 3rd period - Kailer Yamamoto wins face-off versus Derek Grant in Santa Cruz Tiger Sharks zone.
1:19 of 3rd period - Kailer Yamamoto is hit by Brendan Lemieux.
1:22 of 3rd period - Jack Roslovic is hit by Brendan Lemieux and loses puck.
1:43 of 3rd period - Minor Penalty to Brendan Lemieux for Roughing.
1:44 of 3rd period - Derek Grant wins face-off versus Michael McLeod in Espoo Blues zone.
3:43 of 3rd period - Penalty to Brendan Lemieux is over, Brendan Lemieux is back on ice.
4:02 of 3rd period - Wrist shot by Evgeny Svechnikov.
4:02 of 3rd period - Shot Misses the Net.
4:04 of 3rd period - Wrist shot by Evgeny Svechnikov.
4:04 of 3rd period - Stopped by Spencer Knight with a rebound.
4:21 of 3rd period - Snap shot by Brendan Lemieux.
4:21 of 3rd period - Deflect By Fredrik Karlstrom.
4:21 of 3rd period - Shot Blocked by Kieffer Bellows.
4:21 of 3rd period - Puck is out of play.
4:22 of 3rd period - Kevin Rooney wins face-off versus Stefan Noesen in Santa Cruz Tiger Sharks zone.
5:09 of 3rd period - Snap shot by Evgeny Svechnikov.
5:09 of 3rd period - Shot Misses the Net.
5:38 of 3rd period - Off-side.
5:39 of 3rd period - Viktor Lodin wins face-off versus Kevin Rooney in neutral zone.
6:02 of 3rd period - Wrist shot by Anton Blidh.
6:02 of 3rd period - Stopped by Carter Hart with a rebound.
6:04 of 3rd period - Slapshot by Urho Vaakanainen.
6:04 of 3rd period - Shot Misses the Net.
6:14 of 3rd period - Minor Penalty to Michael McLeod for Holding.
6:15 of 3rd period - Derick Brassard wins face-off versus David Gustafsson in Santa Cruz Tiger Sharks zone.
6:20 of 3rd period - Snap shot by Derick Brassard.
6:20 of 3rd period - Deflect By Steven Lorentz.
6:20 of 3rd period - Stopped by Carter Hart without a rebound.
6:21 of 3rd period - David Gustafsson wins face-off versus Derick Brassard in Santa Cruz Tiger Sharks zone.
6:32 of 3rd period - Snap shot by Joe Snively.
6:32 of 3rd period - Shot Blocked by Austin Strand.
6:34 of 3rd period - Wrist shot by Derick Brassard.
6:34 of 3rd period - Deflect By Stefan Noesen.
6:34 of 3rd period - Stopped by Carter Hart with a rebound.
7:02 of 3rd period - Minor Penalty to David Gustafsson for Tripping.
7:03 of 3rd period - Joe Snively wins face-off versus Kevin Rooney in Santa Cruz Tiger Sharks zone.
7:18 of 3rd period - Calle Rosen is hit by Derick Brassard and loses puck.
7:37 of 3rd period - Snap shot by Patric Hornqvist.
7:37 of 3rd period - Deflect By Zach Sanford.
7:37 of 3rd period - Stopped by Carter Hart with a rebound.
7:39 of 3rd period - Slapshot by Brendan Lemieux.
7:39 of 3rd period - Shot Misses the Net.
8:14 of 3rd period - Penalty to Michael McLeod is over, Michael McLeod is back on ice.
8:27 of 3rd period - Joe Snively is hit by Sean Day and loses puck.
9:02 of 3rd period - Penalty to David Gustafsson is over, David Gustafsson is back on ice.
9:10 of 3rd period - Slapshot by Calle Rosen.
9:10 of 3rd period - Shot Blocked by Mattias Samuelsson.
9:18 of 3rd period - Sean Day is hit by Anton Blidh and loses puck.
10:17 of 3rd period - Snap shot by Kailer Yamamoto.
10:17 of 3rd period - Shot Misses the Net.
10:19 of 3rd period - Wrist shot by Jack Roslovic.
10:19 of 3rd period - Goal by Jack Roslovic - Espoo Blues : 2 - Santa Cruz Tiger Sharks : 2.
10:20 of 3rd period - Michael McLeod wins face-off versus Derek Grant in neutral zone.
10:23 of 3rd period - Slapshot by Austin Strand.
10:23 of 3rd period - Deflect By Travis Boyd.
10:23 of 3rd period - Shot Misses the Net.
10:23 of 3rd period - Puck is out of play.
10:24 of 3rd period - Derek Grant wins face-off versus Michael McLeod in Espoo Blues zone.
10:57 of 3rd period - Slapshot by Kieffer Bellows.
10:57 of 3rd period - Stopped by Spencer Knight with a rebound.
10:59 of 3rd period - Snap shot by Kevin Rooney.
10:59 of 3rd period - Shot Misses the Net.
11:01 of 3rd period - Slapshot by Alexander Volkov.
11:01 of 3rd period - Shot Misses the Net.
11:03 of 3rd period - Snap shot by Alexander Volkov.
11:03 of 3rd period - Shot Misses the Net.
11:15 of 3rd period - Wrist shot by Kailer Yamamoto.
11:15 of 3rd period - Deflect By Derick Brassard.
11:15 of 3rd period - Shot Misses the Net.
11:15 of 3rd period - Puck is out of play.
11:16 of 3rd period - Jack Roslovic wins face-off versus Derick Brassard in Espoo Blues zone.
11:17 of 3rd period - Snap shot by Kailer Yamamoto.
11:17 of 3rd period - Shot Misses the Net.
11:29 of 3rd period - Snap shot by Jack Roslovic.
11:29 of 3rd period - Shot Misses the Net.
11:45 of 3rd period - Wrist shot by Logan O'Connor.
11:45 of 3rd period - Stopped by Carter Hart without a rebound.
11:46 of 3rd period - Michael McLeod wins face-off versus Anton Blidh in Santa Cruz Tiger Sharks zone.
12:15 of 3rd period - Snap shot by Brendan Lemieux.
12:15 of 3rd period - Deflect By Austin Strand.
12:15 of 3rd period - Stopped by Carter Hart without a rebound.
12:16 of 3rd period - Kevin Rooney wins face-off versus Derick Brassard in Santa Cruz Tiger Sharks zone.
13:04 of 3rd period - Jesper Boqvist is hit by Chad Ruhwedel and loses puck.
13:14 of 3rd period - Minor Penalty to Gavin Bayreuther for Tripping.
13:15 of 3rd period - Jack Roslovic wins face-off versus Derek Grant in Espoo Blues zone.
13:15 of 3rd period - Snap shot by Kailer Yamamoto.
13:15 of 3rd period - Shot Misses the Net.
13:17 of 3rd period - Snap shot by Tobias Bjornfot.
13:17 of 3rd period - Stopped by Spencer Knight with a rebound.
13:19 of 3rd period - Wrist shot by Zach Sanford.
13:19 of 3rd period - Stopped by Spencer Knight with a rebound.
13:31 of 3rd period - Snap shot by Jack Roslovic.
13:31 of 3rd period - Deflect By Kailer Yamamoto.
13:31 of 3rd period - Shot Misses the Net.
13:31 of 3rd period - Puck is out of play.
13:32 of 3rd period - Michael McLeod wins face-off versus Derek Grant in Espoo Blues zone.
13:43 of 3rd period - Slapshot by Travis Boyd.
13:43 of 3rd period - Goal by Travis Boyd - Espoo Blues : 2 - Santa Cruz Tiger Sharks : 3.
13:44 of 3rd period - Derick Brassard wins face-off versus Jack Roslovic in neutral zone.
13:53 of 3rd period - Wrist shot by Zach Sanford.
13:53 of 3rd period - Shot Misses the Net.
14:09 of 3rd period - Logan O'Connor is hit by Kevin Rooney and loses puck.
14:18 of 3rd period - Wrist shot by Kieffer Bellows.
14:18 of 3rd period - Shot Misses the Net.
14:20 of 3rd period - Snap shot by Calle Rosen.
14:20 of 3rd period - Deflect By Alexander Volkov.
14:20 of 3rd period - Stopped by Spencer Knight with a rebound.
14:22 of 3rd period - Snap shot by Kieffer Bellows.
14:22 of 3rd period - Shot Misses the Net.
14:34 of 3rd period - Snap shot by Brendan Lemieux.
14:34 of 3rd period - Stopped by Carter Hart without a rebound.
14:35 of 3rd period - Michael McLeod wins face-off versus Derek Grant in Santa Cruz Tiger Sharks zone.
14:40 of 3rd period - Austin Strand is hit by Cam York and loses puck.
14:49 of 3rd period - Wrist shot by Brendan Lemieux.
14:49 of 3rd period - Stopped by Carter Hart without a rebound.
14:50 of 3rd period - Derek Grant wins face-off versus Jack Roslovic in Santa Cruz Tiger Sharks zone.
14:55 of 3rd period - Snap shot by Derek Grant.
14:55 of 3rd period - Stopped by Carter Hart without a rebound.
14:56 of 3rd period - Derek Grant wins face-off versus Jack Roslovic in Santa Cruz Tiger Sharks zone.
15:43 of 3rd period - Wrist shot by Patric Hornqvist.
15:43 of 3rd period - Shot Misses the Net.
16:25 of 3rd period - Slapshot by Jack Roslovic.
16:25 of 3rd period - Stopped by Spencer Knight with a rebound.
16:27 of 3rd period - Slapshot by Calle Rosen.
16:27 of 3rd period - Shot Blocked by Joe Snively.
16:29 of 3rd period - Slapshot by Zach Sanford.
16:29 of 3rd period - Stopped by Spencer Knight with a rebound.
16:31 of 3rd period - Backhand shot by Zach Sanford.
16:31 of 3rd period - Deflect By Jack Roslovic.
16:31 of 3rd period - Shot Misses the Net.
16:31 of 3rd period - Puck is out of play.
16:32 of 3rd period - Fredrik Karlstrom wins face-off versus Kevin Rooney in Espoo Blues zone.
17:54 of 3rd period - Slapshot by Austin Strand.
17:54 of 3rd period - Deflect By Urho Vaakanainen.
17:54 of 3rd period - Stopped by Spencer Knight without a rebound.
17:55 of 3rd period - Kevin Rooney wins face-off versus Fredrik Karlstrom in Espoo Blues zone.
18:10 of 3rd period - Patric Hornqvist is hit by Austin Strand.
18:28 of 3rd period - Backhand shot by Kieffer Bellows.
18:28 of 3rd period - Shot Misses the Net.
18:38 of 3rd period - Snap shot by Alexander Volkov.
18:38 of 3rd period - Stopped by Spencer Knight with a rebound.
18:40 of 3rd period - Snap shot by Kieffer Bellows.
18:40 of 3rd period - Stopped by Spencer Knight without a rebound.
18:41 of 3rd period - Fredrik Karlstrom wins face-off versus David Gustafsson in Espoo Blues zone.
18:51 of 3rd period - Snap shot by Evgeny Svechnikov.
18:51 of 3rd period - Stopped by Spencer Knight with a rebound.
19:10 of 3rd period - Espoo Blues, Spencer Knight is pulled from the net.
19:16 of 3rd period - Wrist shot by Derek Grant.
19:16 of 3rd period - Stopped by Carter Hart without a rebound.
19:17 of 3rd period - Bob Murray call a timeout for Espoo Blues.
19:17 of 3rd period - Derek Grant wins face-off versus Kevin Rooney in Santa Cruz Tiger Sharks zone.
19:38 of 3rd period - Snap shot by Stefan Noesen.
19:38 of 3rd period - Shot Misses the Net.
19:52 of 3rd period - Wrist shot by Derek Grant.
19:52 of 3rd period - Deflect By Stefan Noesen.
19:52 of 3rd period - Shot Blocked by Alexander Volkov.
19:52 of 3rd period - Puck is out of play.
19:53 of 3rd period - Kevin Rooney wins face-off versus Stefan Noesen in Santa Cruz Tiger Sharks zone.
19:53 of 3rd period - Kevin Rooney is hit by Derek Grant.
Goals for this period are 0 for Espoo Blues vs 2 for Santa Cruz Tiger Sharks.
Shots for this period are 14 for Espoo Blues vs 13 for Santa Cruz Tiger Sharks.
Back to the Top